[Event "Team 45 45 League T77"]
[Site "Internet Chess Club"]
[Date "2018.07.14"]
[Round "4"]
[White "AVEMARIA"]
[Black "zethhon"]
[Result "1-0"]
[WhiteElo "1606"]
[BlackElo "1332"]
[Opening "Sicilian defense"]
[ECO "B40"]
[Time "08:30:18"]
[TimeControl "2700+45"]

1. e4 c5 2. Nf3 e6 3. b3 Nc6 4. Bb2 Be7 5. g3 Nf6 6. d3 O-O 7. Bg2 d6 8. O-O b6
9. Nbd2 Bb7 10. Re1 Qc7 11. Rb1 Rfd8 12. Nc4 d5 13. exd5 Nxd5 14. Nfe5 Bf6 15.
Nxc6 Bxc6 16. Bxf6 Nxf6 17. Bxc6 Qxc6 18. Ne5 Qc7 19. Rb2 Rd5 20. Qe2 b5 21. c4
bxc4 22. bxc4 Rd4 23. Qf3 Qa5 24. Qxa8+ Rd8 25. Qxd8+ Qxd8 26. Reb1 Qe7 27. Rb8+
Ne8 28. R1b7 Qf8 29. Rxf7 Qxf7 30. Nxf7 Kxf7 31. Rb7+ Kf6 32. Rxa7 Ke5 33. Kf1
Kd4 34. Ke2 Kc3 35. h3 h6 36. g4 Nd6 37. Rxg7 {Black resigns} 1-0

[Event "Team 45 45 League T77"]
[Site "Internet Chess Club"]
[Date "2018.07.13"]
[Round "4"]
[White "tightfist"]
[Black "Arthurhon"]
[Result "1-0"]
[WhiteElo "1458"]
[BlackElo "1400"]
[Opening "Réti: Nimzovich-Larsen attack"]
[ECO "A06"]
[Time "10:10:06"]
[TimeControl "2700+45"]

1. Nf3 d5 2. b3 Nf6 3. Bb2 Bf5 4. e3 c5 5. d3 Nc6 6. Be2 e6 7. O-O Bd6 8. Nbd2
O-O 9. a4 e5 10. c3 e4 11. dxe4 Nxe4 12. Rc1 Ng5 13. Nxg5 Qxg5 14. Nf3 Qg6 15.
Nh4 Qe6 16. Nxf5 Qxf5 17. Bf3 Rfd8 18. g3 Ne7 19. Kg2 c4 20. bxc4 dxc4 21. Qe2
Rab8 22. Qxc4 b5 23. axb5 Rxb5 24. Qe2 Rbb8 25. Rfd1 Qa5 26. c4 Ba3 27. Bxa3
Qxa3 28. Ra1 Qc5 29. Rxd8+ Rxd8 30. Qa2 Ng6 31. Bd5 Rd7 32. Qa4 Re7 33. Rb1 h6
34. Rb7 Rxb7 35. Bxb7 Ne5 36. Qe8+ Kh7 37. Be4+ g6 38. Bd5 a5 39. f4 Qxe3 40.
Qxe5 Qd2+ 41. Kh3 a4 42. Qf6 h5 43. Bxf7 Qd3 44. c5 Qd7+ 45. Qe6 Qxe6+ 46. Bxe6
a3 47. c6 Kg7 48. c7 Kf6 49. Ba2 {Black resigns} 1-0

[Event "Team 45 45 League T77"]
[Site "Internet Chess Club"]
[Date "2018.07.15"]
[Round "4"]
[White "FlyingTiger"]
[Black "filmdirector"]
[Result "0-1"]
[WhiteElo "1726"]
[BlackElo "1619"]
[Opening "Queen's gambit declined"]
[ECO "D30"]
[Time "19:00:28"]
[TimeControl "2700+45"]

1. d4 d5 2. c4 e6 3. Nf3 Nf6 4. g3 Bd6 5. Bg2 O-O 6. O-O Re8 7. Qc2 Nc6 8. a3 e5
9. dxe5 Nxe5 10. Nxe5 Bxe5 11. Nd2 c6 12. Nf3 Bc7 13. Bg5 h6 14. Bxf6 Qxf6 15.
cxd5 Bf5 16. Qd1 cxd5 17. Qxd5 Rab8 18. Qd4 Qe7 19. e3 Bb6 20. Qf4 Be4 21. Rac1
f5 22. Rfd1 Rbd8 23. Rxd8 Bxd8 24. Qb8 Qd7 25. Qxa7 Bf6 26. Nd4 f4 27. Bxe4 Rxe4
28. Qc5 fxe3 29. fxe3 Rxd4 30. Qa5 Rd1+ 31. Rxd1 Qxd1+ 32. Kg2 Qe2+ 33. Kh3 Qxb2
34. Qd5+ Kh8 35. Qf5 Qc3 36. Qe6 Qc6 37. Qf5 Qe8 38. e4 Kg8 39. Qd5+ Qf7 40. Qf5
g6 41. Qf4 Kg7 42. a4 Qe6+ 43. Kg2 g5 44. Qc7+ Qe7 45. Qc4 h5 46. a5 h4 47. Qd5
g4 48. gxh4 Bxh4 49. Qf5 Qf6 50. Qd7+ Kh6 51. Qd2+ Bg5 52. Qe2 Qf4 53. a6 Qf3+
54. Qxf3 gxf3+ 55. Kxf3 bxa6 56. Ke2 Bf4 57. Kd3 Bxh2 58. Kc4 Bc7 59. Kc5 a5 60.
Kb5 Kg6 61. e5 Kf5 62. e6 Kxe6 63. Ka4 Kd5 64. Kb3 Kd4 65. Ka3 Kc4 66. Ka4 Kc5
67. Kb3 Kb5 68. Ka3 Bd6+ 69. Kb3 a4+ 70. Kb2 Kb4 71. Ka2 Kc3 72. Kb1 Kb3 73. Ka1
Ka3 74. Kb1 Be5 75. Kc2 Ka2 76. Kc1 Bb2+ 77. Kc2 a3 {White resigns} 0-1

[Event "Team 45 45 League T77"]
[Site "Internet Chess Club"]
[Date "2018.07.14"]
[Round "4"]
[White "julesraider"]
[Black "krysto"]
[Result "0-1"]
[WhiteElo "1503"]
[BlackElo "1567"]
[Opening "QGD: exchange, positional line"]
[ECO "D35"]
[Time "16:03:59"]
[TimeControl "2700+45"]

1. d4 e6 2. c4 d5 3. Nc3 Nf6 4. cxd5 exd5 5. Bg5 Be7 6. Qc2 O-O 7. e3 Be6 8. Bd3
h6 9. Bh4 Nbd7 10. Nf3 c5 11. O-O cxd4 12. Nxd4 Qb6 13. Qe2 Rfe8 14. Nxe6 Qxe6
15. Nb5 Rec8 16. Rac1 Bd8 17. Rxc8 Rxc8 18. Nxa7 Ra8 19. Nb5 Rxa2 20. Bb1 Ra4
21. Nd4 Rxd4 22. Bxf6 Nxf6 23. Qb5 Rc4 24. Qxb7 Qb6 25. Qa8 g6 26. Ba2 Rc5 27.
b4 Rb5 28. Rb1 Kg7 29. h3 Be7 30. Rd1 Qb7 31. Qa3 Rxb4 32. Qd3 Rb2 33. Rd2 Rxd2
34. Qxd2 Qb4 35. Qe2 Bc5 36. Qf3 Qe4 37. Qd1 d4 38. Qb3 Qe8 39. Qc4 Ba7 40. Kf1
dxe3 41. fxe3 Bxe3 42. g3 Qd7 43. Qb3 Qf5+ 44. Ke2 Qf2+ 45. Kd3 Qd2+ 46. Kc4
Qd5+ 47. Kb4 Qxb3+ 48. Bxb3 Bf2 49. g4 h5 50. gxh5 Nxh5 51. Kc3 f5 52. Kd2 Nf4
53. h4 Bxh4 54. Ke3 Nh5 55. Kf3 g5 56. Bc2 Kf6 57. Bd1 g4+ 58. Kg2 Nf4+ 59. Kh2
g3+ 60. Kg1 g2 61. Bf3 Ke5 62. Kh2 Be7 63. Bxg2 Nxg2 64. Kxg2 Ke4 65. Kf2 Bc5+
66. Ke2 Kf4 67. Kf1 Kg3 68. Ke2 Kg2 69. Ke1 f4 70. Ke2 f3+ 71. Kd3 f2 72. Kc4
Ba7 73. Kb5 f1=Q+ 74. Kc6 Qd1 75. Kb7 Qc2 76. Kxa7 Qb2 77. Ka8 Kf3 78. Ka7 Ke4
79. Ka6 Kd5 80. Ka7 Kc6 81. Ka8 Qb7# {White checkmated} 0-1

[Event "Team 45 45 League T77"]
[Site "Internet Chess Club"]
[Date "2018.07.12"]
[Round "4"]
[White "ryanfu2008"]
[Black "pokerram"]
[Result "1/2-1/2"]
[WhiteElo "1469"]
[BlackElo "1597"]
[Opening "Sicilian: Najdorf, Opocensky variation"]
[ECO "B92"]
[Time "19:24:32"]
[TimeControl "2700+45"]

1. e4 c5 2. Nf3 d6 3. d4 cxd4 4. Nxd4 Nf6 5. Nc3 a6 6. Be2 e5 7. Nb3 Be7 8. Be3
Be6 9. O-O Qc7 10. f4 O-O 11. Qe1 b5 12. a3 Nbd7 13. Qg3 exf4 14. Bxf4 Ne5 15.
Kh1 Bc4 16. Bxc4 bxc4 17. Nd2 Rac8 18. Qe3 Neg4 19. Qd4 Qc5 20. Qxc5 Rxc5 21.
Na4 Rc6 22. Kg1 Nh5 23. h3 Nxf4 24. Rxf4 Ne5 25. Nf3 Nxf3+ 26. Rxf3 Bf6 27. Rb1
Be5 28. Nc3 Bxc3 29. Rxc3 Re8 30. Re1 d5 31. exd5 Rxe1+ 32. Kf2 Rc5 33. Kxe1 Kf8
34. d6 Rc6 35. b3 Ke8 36. Rxc4 Rxd6 37. Re4+ Kd7 38. Ke2 f5 39. Re3 Re6 40. Rxe6
Kxe6 41. c4 Ke5 42. Kf3 g5 43. b4 Kd4 44. b5 axb5 45. cxb5 Kc5 46. a4 Kb6 47.
Ke3 f4+ 48. Ke4 h5 49. Kf5 g4 50. hxg4 f3 51. gxf3 h4 52. g5 h3 53. g6 h2 54. g7
h1=Q 55. g8=Q Qxf3+ 56. Kg6 Qg4+ 57. Kh7 Qh5+ 58. Kg7 Qg5+ 59. Kh8 Qh6+ 60. Qh7
Qf8+ 61. Qg8 Qh6+ 62. Qh7 Qf8+ {Game drawn by mutual agreement} 1/2-1/2

[Event "Team 45 45 League T77"]
[Site "Internet Chess Club"]
[Date "2018.07.11"]
[Round "4"]
[White "mongmong"]
[Black "idjit"]
[Result "0-1"]
[WhiteElo "1469"]
[BlackElo "1536"]
[Opening "Queen's pawn: Yusupov-Rubinstein system"]
[ECO "A46"]
[Time "18:01:10"]
[TimeControl "2700+45"]

1. d4 Nf6 2. Nf3 e6 3. e3 Bb4+ 4. c3 Be7 5. c4 b6 6. Bd3 Bb7 7. O-O O-O 8. Nc3
c5 9. d5 exd5 10. cxd5 Nxd5 11. Nxd5 Bxd5 12. Bxh7+ Kxh7 13. Qxd5 Nc6 14. Rd1
Bf6 15. e4 Qe7 16. Rb1 Rfe8 17. Qxd7 Qxe4 18. Qh3+ Kg8 19. Bg5 Qg6 20. Bxf6 Qxf6
21. Rd2 Re4 22. Rbd1 Rae8 23. Qg3 Nd4 24. Rxd4 Qxd4 25. Rf1 Qxb2 26. h3 c4 27.
Qc7 c3 28. Ng5 R4e7 29. Qc4 b5 30. Qh4 Qc2 31. Qf4 Qd2 32. Qh4 Qd3 33. Qf4 f6
34. Nf3 Re4 35. Qc7 a5 36. Qxa5 b4 37. Qd5+ Qxd5 {White resigns} 0-1

[Event "Team 45 45 League T77"]
[Site "Internet Chess Club"]
[Date "2018.07.12"]
[Round "4"]
[White "Kingofknights"]
[Black "losscause"]
[Result "1-0"]
[WhiteElo "1459"]
[BlackElo "1453"]
[Opening "QGD Slav/Grünfeld: Schlechter variation"]
[ECO "D15"]
[Time "20:00:56"]
[TimeControl "2700+45"]

1. d4 d5 2. c4 c6 3. Nf3 Nf6 4. Nc3 g6 5. cxd5 cxd5 6. Bg5 Bg7 7. e3 O-O 8. Bd3
Nc6 9. Qe2 Nb4 10. Bb1 a6 11. O-O Qd6 12. Rd1 h6 13. Bf4 Qd8 14. h3 Bf5 15. Bxf5
gxf5 16. Ne5 Ne4 17. Nxe4 fxe4 18. a3 Nc6 19. Nxc6 bxc6 20. Rac1 Qd7 21. Rc5
Rfc8 22. Rdc1 e6 23. Qg4 Kh7 24. Qd1 Bf8 25. Ra5 Qb7 26. b4 Be7 27. f3 f5 28.
fxe4 fxe4 29. Qh5 Bf8 30. Rf1 Qg7 31. Be5 {Black resigns} 1-0

[Event "Team 45 45 League T77"]
[Site "Internet Chess Club"]
[Date "2018.07.14"]
[Round "4"]
[White "zethhon"]
[Black "seattleblues"]
[Result "1-0"]
[WhiteElo "1347"]
[BlackElo "1286"]
[Opening "Queen's pawn game"]
[ECO "E10"]
[Time "20:32:50"]
[TimeControl "2700+45"]

1. d4 Nf6 2. Nf3 e6 3. c4 d5 4. cxd5 exd5 5. Bf4 Be7 6. e3 O-O 7. Nc3 a6 8. Bd3
Nbd7 9. Qb3 c6 10. O-O Re8 11. Rac1 Rb8 12. Bxb8 Nxb8 13. Ne5 Nbd7 14. Nxd7 Qxd7
15. Qb6 Bd8 16. Qb3 Qc7 17. h3 Qb6 18. Qxb6 Bxb6 19. Na4 Bc7 20. Nc5 Nd7 21. Rc2
Nf6 22. Rfc1 Re7 23. b4 Ne8 24. a4 Nd6 25. b5 a5 26. Nb3 Nc4 27. Bxc4 dxc4 28.
Rxc4 Be6 29. R4c3 Bxb3 30. Rxb3 cxb5 31. Rxb5 b6 32. Rxb6 g6 33. Ra6 {Black
resigns} 1-0

[Event "Team 45 45 League T77"]
[Site "Internet Chess Club"]
[Date "2018.07.16"]
[Round "4"]
[White "Just-Jim"]
[Black "Pawnchain"]
[Result "1/2-1/2"]
[WhiteElo "1181"]
[BlackElo "1430"]
[Opening "Réti opening"]
[ECO "A06"]
[Time "16:00:31"]
[TimeControl "2700+45"]

1. Nf3 d5 2. h3 Nf6 3. d4 e6 4. a3 c5 5. dxc5 Bxc5 6. Nc3 Nc6 7. Bf4 Qb6 8. e3
Qxb2 9. Nb5 Nb4 10. axb4 Bxb4+ 11. Nd2 Bxd2+ 12. Kxd2 Ne4+ 13. Ke1 Nc3 14. Qc1
Qxc1+ 15. Rxc1 Nxb5 16. Bxb5+ Bd7 17. Bxd7+ Kxd7 18. Ke2 Rhc8 19. Be5 f6 20. Bg3
Rc3 21. Kd2 Rac8 22. f3 e5 23. Bf2 a5 24. Be1 R3c4 25. Kd3 a4 26. c3 d4 27. exd4
exd4 28. Bd2 a3 29. cxd4 Rxc1 30. Rxc1 a2 {Game drawn by mutual agreement}
1/2-1/2

[Event "Team 45 45 League T77"]
[Site "Internet Chess Club"]
[Date "2018.07.15"]
[Round "4"]
[White "az2112"]
[Black "drsigmund1"]
[Result "1-0"]
[WhiteElo "1530"]
[BlackElo "1484"]
[Opening "Réti opening"]
[ECO "A04"]
[Time "12:03:41"]
[TimeControl "2700+45"]

1. Nf3 e6 2. g3 d5 3. Bg2 f5 4. d3 Nf6 5. O-O Bd6 6. Re1 O-O 7. Nc3 c6 8. e4
fxe4 9. dxe4 dxe4 10. Nxe4 Nxe4 11. Rxe4 Na6 12. Rd4 {Black resigns} 1-0

[Event "Team 45 45 League T77"]
[Site "Internet Chess Club"]
[Date "2018.07.15"]
[Round "4"]
[White "BrianWood"]
[Black "joaoazm"]
[Result "1-0"]
[WhiteElo "1519"]
[BlackElo "1505"]
[Opening "QGD: Cambridge Springs defense, Yugoslav variation"]
[ECO "D52"]
[Time "19:00:38"]
[TimeControl "2700+45"]

1. d4 d5 2. c4 c6 3. Nf3 Nf6 4. Nc3 e6 5. Bg5 Nbd7 6. e3 Qa5 7. cxd5 Nxd5 8. Rc1
Nxc3 9. bxc3 Qxa2 10. Bd3 Bd6 11. Bf4 Bxf4 12. exf4 O-O 13. O-O Nf6 14. Ne5 Qa5
15. Qf3 c5 16. Ra1 Qc7 17. dxc5 Qxc5 18. Rfe1 a6 19. Qh3 Rd8 20. g4 g6 21. Qh4
Kg7 22. g5 Nh5 23. Be4 Qxc3 24. Bf3 Qd2 25. Bxh5 gxh5 26. Qxh5 Qxf4 27. Ra4 Qf5
28. Qh6+ Kg8 29. Rh4 Rd2 30. Ng4 f6 31. gxf6 Rd7 32. Ne5 a5 33. Rg4+ Qxg4+ 34.
Nxg4 b6 35. Ne5 Raa7 36. Nxd7 Rxd7 37. Qg5+ Kf8 38. Qh6+ Ke8 39. Rxe6+ Kd8 40.
Rxb6 Bb7 41. Qf8+ Kc7 42. Qc5+ Kb8 43. Rd6 Rc7 44. Rd8+ Bc8 45. Qb6+ Rb7 46.
Rxc8+ Kxc8 47. Qe6+ Kc7 48. f7 Rb1+ 49. Kg2 Rb8 50. Qe5+ Kb7 51. Qxb8+ Kxb8 52.
f8=Q+ Kb7 53. Qg7+ Kc6 54. Kf3 a4 55. Qxh7 Kb5 56. Qb1+ Kc4 57. Qa2+ Kb4 58. Ke4
{Black resigns} 1-0

[Event "Team 45 45 League T77"]
[Site "Internet Chess Club"]
[Date "2018.07.16"]
[Round "4"]
[White "guyd52"]
[Black "Andressa"]
[Result "1/2-1/2"]
[WhiteElo "1300"]
[BlackElo "1385"]
[Opening "Benko's opening"]
[ECO "A00"]
[Time "19:17:22"]
[TimeControl "2700+45"]

1. g3 e5 2. Bg2 Nf6 3. d3 Nc6 4. Nf3 d6 5. O-O Be7 6. Nbd2 O-O 7. e4 h6 8. c4
Nd4 9. Nxd4 exd4 10. Nf3 c5 11. a3 a5 12. Bf4 Rb8 13. e5 dxe5 14. Bxe5 Bd6 15.
Bxd6 Qxd6 16. Qd2 b6 17. Rfe1 Bf5 18. Ne5 Rbc8 19. Nf3 Rfe8 20. Nh4 Bh7 21. Bb7
Rb8 22. Ba6 Ng4 23. Bb5 Re6 24. Rxe6 Qxe6 25. Re1 Qf6 26. Qe2 Bf5 27. Nxf5 Qxf5
28. h3 Nf6 29. Qe5 Qc8 30. Kg2 Qb7+ 31. f3 Kh7 32. Qf5+ Kg8 33. g4 Nh7 34. Qd7
Qxd7 35. Bxd7 Nf6 {Game drawn by mutual agreement} 1/2-1/2

[Event "Team 45 45 League T77"]
[Site "Internet Chess Club"]
[Date "2018.07.17"]
[Round "4"]
[White "olivermx"]
[Black "Conjurer"]
[Result "1/2-1/2"]
[WhiteElo "1217"]
[BlackElo "1235"]
[Opening "French: exchange variation"]
[ECO "C01"]
[Time "13:04:38"]
[TimeControl "2700+45"]

1. e4 e6 2. d4 d5 3. exd5 exd5 4. Nf3 Nf6 5. Bd3 Bb4+ 6. c3 Be7 7. Be3 O-O 8.
O-O Nbd7 9. Nbd2 b6 10. Qc2 Bb7 11. h3 c5 12. Rfe1 Rc8 13. Nf1 Re8 14. Ng3 g6
15. Rad1 c4 16. Be2 Bf8 17. Qd2 Qc7 18. Bf4 Bd6 19. Bxd6 Qxd6 20. Qg5 Ne4 21.
Nf5 Nxg5 22. Nxd6 Nxf3+ 23. Bxf3 Rxe1+ 24. Rxe1 Rc7 25. Nxb7 Rxb7 26. Bxd5 Rc7
27. Re7 Kf8 28. Rxf7+ Ke8 29. Rxh7 Kd8 30. Rg7 Nf6 31. Rxc7 Kxc7 32. Bf3 Kd6 33.
g4 g5 34. Kg2 b5 35. Kg3 a6 36. Bb7 a5 37. Ba6 Kc6 38. f4 Ne4+ 39. Kf3 Nd2+ 40.
Ke3 Nf1+ 41. Kf3 Nd2+ 42. Ke3 Nf1+ 43. Kf3 {Game drawn by mutual agreement}
1/2-1/2

[Event "Team 45 45 League T77"]
[Site "Internet Chess Club"]
[Date "2018.07.13"]
[Round "4"]
[White "mongmong"]
[Black "smsxman"]
[Result "0-1"]
[WhiteElo "1446"]
[BlackElo "1336"]
[Opening "Queen's pawn"]
[ECO "A61"]
[Time "20:00:18"]
[TimeControl "2700+45"]

1. d4 e6 2. c4 c5 3. d5 exd5 4. cxd5 Nf6 5. Nc3 b5 6. Nxb5 Qa5+ 7. Nc3 Bb7 8.
Qa4 Qxa4 9. Nxa4 Nxd5 10. a3 Bc6 11. Nc3 Nxc3 12. bxc3 d6 13. e3 Nd7 14. f3 Be7
15. Ne2 Nf6 16. Ng3 Nd5 17. Bd2 Bf6 18. Rc1 Nc7 19. Bd3 O-O 20. O-O Rab8 21. Rb1
Nb5 22. Bxb5 Bxb5 23. Rfc1 Bd3 24. Ra1 Rb2 25. Be1 Rfb8 26. e4 c4 27. a4 h6 28.
a5 R8b3 29. Nf5 Be5 30. Ne7+ Kh7 31. Nc8 Rc2 32. Rxc2 Bxc2 33. Nxa7 Bxc3 34. Nc6
Bxa1 {White resigns} 0-1

[Event "Team 45 45 League T77"]
[Site "Internet Chess Club"]
[Date "2018.07.14"]
[Round "4"]
[White "rkjulianjr"]
[Black "PsyMar"]
[Result "0-1"]
[WhiteElo "1299"]
[BlackElo "1284"]
[Opening "QGD Slav defense: exchange variation"]
[ECO "D10"]
[Time "12:00:22"]
[TimeControl "2700+45"]

1. d4 d5 2. c4 c6 3. cxd5 cxd5 4. Nc3 Nf6 5. f3 a6 6. e4 dxe4 7. fxe4 Bg4 8. Be2
Qd7 9. Nf3 Bxf3 10. Bxf3 e6 11. a3 Nc6 12. Be3 Be7 13. O-O e5 14. dxe5 Nxe5 15.
Qxd7+ Nfxd7 16. Nd5 Nxf3+ 17. Rxf3 Bd6 18. Rc1 O-O 19. Rd1 Ne5 20. Rf5 f6 21.
Bd4 Rac8 22. Bxe5 fxe5 23. Rxf8+ Bxf8 24. Nc3 Rc4 25. Rd8 Rc7 26. Re8 Re7 27.
Rxe7 Bxe7 28. Kf2 Bg5 29. b3 b5 30. a4 Bd2 31. Nd5 Kf7 32. Ke2 Bg5 33. Ne3 h5
34. h3 Ke6 35. Kd3 Kd7 36. Nf5 g6 37. h4 Bd8 38. Ne3 Bxh4 39. axb5 axb5 40. Nd5
Kd6 41. Nb6 Be1 42. Nd5 h4 43. Nf6 Bg3 44. Ng4 Kc5 45. Nf6 g5 46. Nd7+ Kd6 47.
Nf6 Ke6 48. Ng4 Kf7 49. Kc3 Be1+ 50. Kd3 Ke6 51. Ke2 Bc3 52. Kd3 Bb4 53. Ne3 Bd6
54. Nd5 g4 55. Ne3 h3 56. gxh3 gxh3 57. Ng4 Bc5 58. Ke2 Bg1 59. Kf1 h2 60. Kg2
Kd6 61. Kh1 Kc5 62. Nxe5 Kd4 63. Nf3+ Kxe4 64. Nd2+ Kd3 65. Nf3 Kc3 66. Kg2 Kxb3
67. Nd2+ Kc2 68. Ne4 b4 69. Nd6 b3 70. Nc4 Kc3 71. Na3 b2 72. Nb1+ Kc2 73. Na3+
Kc1 74. Kh1 Bc5 75. Nb5 b1=Q 76. Nc3 Qb7+ 77. Kxh2 Bd6+ 78. Kg1 Qg7+ {White
resigns} 0-1

[Event "Team 45 45 League T77"]
[Site "Internet Chess Club"]
[Date "2018.07.14"]
[Round "4"]
[White "Just-Jim"]
[Black "oldprez1"]
[Result "0-1"]
[WhiteElo "1207"]
[BlackElo "1259"]
[Opening "Pirc: classical, h3 system"]
[ECO "A05"]
[Time "10:00:58"]
[TimeControl "2700+45"]

1. Nf3 Nf6 2. Nc3 g6 3. d4 Bg7 4. h3 d6 5. e4 Nc6 6. Bf4 O-O 7. e5 Nh5 8. Bh2
dxe5 9. Nxe5 Nxe5 10. dxe5 Qxd1+ 11. Rxd1 Bh6 12. Nd5 Bg5 13. Nxc7 Rb8 14. e6
Bf4 15. g3 Bxc7 16. exf7+ Kxf7 17. Bc4+ Be6 18. Bxe6+ Kxe6 19. O-O Kf7 20. f4
Rfd8 21. Rde1 Rd2 22. g4 Nf6 23. Kh1 Rbd8 24. a3 Rxc2 25. Rf3 Bb6 26. f5 g5 27.
h4 Nxg4 28. hxg5 Rxh2# {White checkmated} 0-1

[Event "Team 45 45 League T77"]
[Site "Internet Chess Club"]
[Date "2018.07.12"]
[Round "4"]
[White "vedv"]
[Black "WzeroMN"]
[Result "0-1"]
[WhiteElo "1081"]
[BlackElo "1057"]
[Opening "Four knights game"]
[ECO "C47"]
[Time "10:30:58"]
[TimeControl "2700+45"]

1. e4 e5 2. Nf3 Nc6 3. Nc3 Nf6 4. Be2 Bc5 5. Nxe5 Nxe5 6. d4 Bb4 7. dxe5 Bxc3+
8. Bd2 Bxd2+ 9. Qxd2 Nxe4 10. Qe3 d5 11. O-O-O Qg5 12. f4 Qd8 13. Bc4 c6 14. Bd3
Bf5 15. h3 Qb6 16. Qf3 O-O-O 17. g4 Bg6 18. f5 Ng5 19. Qf4 Ne4 20. fxg6 fxg6 21.
Bxe4 dxe4 22. Rxd8+ Qxd8 23. Qxe4 Qg5+ 24. Kb1 Qd2 25. e6 Rd8 26. b3 Qd5 27.
Qxd5 cxd5 28. e7 Re8 29. Re1 Kd7 30. Kb2 Rxe7 31. Rxe7+ Kxe7 32. c4 d4 33. Kc2
Ke6 34. Kd3 Ke5 35. a4 Kf4 36. Kxd4 Kg3 37. b4 Kxh3 38. b5 Kxg4 39. c5 Kf5 40.
c6 bxc6 41. bxc6 Ke6 42. Kc5 Ke7 43. a5 h5 44. a6 h4 45. Kd5 h3 46. Ke5 h2 47.
c7 h1=Q 48. c8=Q Qe1+ 49. Kd5 Qd1+ 50. Ke4 Qh1+ 51. Kf4 Qh4+ 52. Kf3 Qf6+ 53.
Kg4 Qf5+ 54. Qxf5 gxf5+ 55. Kxf5 Kd6 56. Kg6 Kc6 57. Kxg7 Kb6 58. Kf7 Kxa6 59.
Ke7 Kb6 60. Kd6 a5 61. Kd5 Kb5 62. Kd4 Kb4 63. Kd3 Kb3 64. Kd4 a4 65. Kd3 a3 66.
Kd2 a2 67. Kc1 a1=Q+ 68. Kd2 Qc3+ 69. Ke2 Kc2 70. Kf2 Kd2 71. Kg2 Ke2 72. Kg1
Kf3 73. Kh2 Qg7 74. Kh3 Qg3# {White checkmated} 0-1

[Event "Team 45 45 League T77"]
[Site "Internet Chess Club"]
[Date "2018.07.15"]
[Round "4"]
[White "Scorpius"]
[Black "Balderdash"]
[Result "1-0"]
[WhiteElo "1358"]
[BlackElo "1213"]
[Opening "Ruy Lopez: Bird's defense"]
[ECO "C61"]
[Time "19:01:27"]
[TimeControl "2700+45"]

1. e4 e5 2. Nf3 Nc6 3. Bb5 Nd4 4. Nxd4 exd4 5. O-O c6 6. Bc4 g6 7. f4 d6 8. d3
Bg7 9. Qf3 b5 10. Bb3 h5 11. e5 d5 12. c3 Bg4 13. Qg3 Nh6 14. Nd2 Nf5 15. Qf2 c5
16. h3 Ne3 17. hxg4 Nxf1 18. Nxf1 hxg4 19. Ng3 Qh4 20. Bxd5 Rd8 21. Bc6+ Ke7 22.
Bxb5 Ra8 23. Bd2 a6 24. Bc4 a5 25. Re1 Rab8 26. f5 Rbe8 27. f6+ Kf8 28. fxg7+
Kxg7 29. Qf6+ Qxf6 30. exf6+ Kxf6 31. Ne4+ Kg7 32. Nd6 Ra8 33. Nxf7 Rhb8 34.
Bh6+ Kf6 35. Re6+ Kf5 36. Nd6# {Black checkmated} 1-0

[Event "Team 45 45 League T77"]
[Site "Internet Chess Club"]
[Date "2018.07.15"]
[Round "4"]
[White "Aquaman"]
[Black "mof63"]
[Result "0-1"]
[WhiteElo "1182"]
[BlackElo "1211"]
[Opening "Réti: King's Indian attack (Barcza system)"]
[ECO "A07"]
[Time "15:00:51"]
[TimeControl "2700+45"]

1. Nf3 d5 2. g3 c6 3. Bg2 Nf6 4. O-O Bf5 5. h3 e6 6. d3 Bd6 7. Nbd2 O-O 8. e4
dxe4 9. dxe4 Nxe4 10. Nh4 Nxd2 11. Qxd2 Bg6 12. Nxg6 hxg6 13. a3 Be7 14. Qe2 Qb6
15. b4 Nd7 16. c4 c5 17. b5 Rab8 18. a4 Qc7 19. a5 b6 20. a6 Rbd8 21. f4 Rfe8
22. Qf3 Rb8 23. Be3 Red8 24. Qe2 Nf6 25. Bf2 Ne8 26. Qf3 Nd6 27. Rac1 Nf5 28.
Qc6 Qxc6 29. Bxc6 Rd6 30. Kh2 Rbd8 31. g4 Nd4 32. Bg2 Ne2 33. Rb1 Nc3 34. Rbc1
Ne2 35. Rce1 Rd2 36. Be3 Rc2 37. Bf3 Nd4+ 38. Kg3 Nxf3 39. Kxf3 Rxc4 40. Rb1 Bf6
41. Bg1 Rd3+ 42. Kg2 Rc2+ 43. Kh1 Rxh3+ 44. Bh2 Rhxh2+ {White resigns} 0-1

[Event "Team 45 45 League T77"]
[Site "Internet Chess Club"]
[Date "2018.07.16"]
[Round "4"]
[White "tasawyer81"]
[Black "RobertBuice"]
[Result "1-0"]
[WhiteElo "1204"]
[BlackElo "1051"]
[Opening "Queen's pawn, Mason variation"]
[ECO "D00"]
[Time "19:59:42"]
[TimeControl "2700+45"]

1. d4 d5 2. Bf4 Nf6 3. e3 e6 4. c3 Bd6 5. Bg3 O-O 6. Nd2 Nc6 7. Bd3 Re8 8. Ngf3
a6 9. Bh4 Qd7 10. Bxf6 gxf6 11. Nh4 e5 12. Bf5 Qxf5 13. Nxf5 Bxf5 14. h4 Bd3 15.
Qg4+ Kh8 16. Rh3 Rg8 17. Qf3 Be7 18. Qxd5 Raf8 19. O-O-O f5 20. dxe5 f4 21. exf4
Bf5 22. Rg3 Bxh4 23. Rxg8+ Kxg8 24. Nf3 Rd8 25. Qb3 Rxd1+ 26. Qxd1 Bxf2 27. Qe2
Bc5 28. Nh4 Be6 29. b3 a5 30. f5 Ba3+ 31. Kb1 Be7 32. fxe6 Bxh4 33. Qg4+ Kf8 34.
Qxh4 Nxe5 35. e7+ Ke8 36. Kc2 Ng6 37. Qa4+ Kxe7 38. Qxa5 b6 39. Qb4+ c5 40. Qxb6
Ne5 41. Qxc5+ Ke6 42. a4 f5 43. a5 f4 44. a6 f3 45. gxf3 Nxf3 46. Qe3+ Ne5 47.
a7 Kf5 48. a8=Q Ng4 49. Qf8+ Nf6 50. Qf3+ Ke6 51. Q8xf6+ Kd7 52. Qd5+ {Black
resigns} 1-0

[Event "Team 45 45 League T77"]
[Site "Internet Chess Club"]
[Date "2018.07.13"]
[Round "4"]
[White "g8wrb"]
[Black "henrychess99"]
[Result "1-0"]
[WhiteElo "1354"]
[BlackElo "1102"]
[Opening "Ruy Lopez: Wormald (Alapin) attack"]
[ECO "C77"]
[Time "13:03:11"]
[TimeControl "2700+45"]

1. e4 e5 2. Nf3 Nc6 3. Bb5 a6 4. Ba4 Nf6 5. Qe2 Bc5 6. O-O b5 7. Bb3 O-O 8. c3
d6 9. h3 Be6 10. Rd1 d5 11. exd5 Bxd5 12. Nxe5 Nxe5 13. Qxe5 Re8 14. Qf5 Bxb3
15. axb3 Bd6 16. d4 Qe7 17. Be3 c6 18. Nd2 Nd5 19. Re1 b4 20. c4 Nxe3 21. Rxe3
Qh4 22. Qg4 Qxg4 23. hxg4 Bf4 24. Rxe8+ Rxe8 25. Nf3 h6 26. Rxa6 Re2 27. Rxc6
Rxb2 28. Kf1 Rxb3 29. d5 Rb1+ 30. Ke2 b3 31. Rb6 b2 32. Nd2 Bc7 33. Rb7 Rg1 34.
Rxc7 b1=Q 35. Nxb1 Rxb1 36. Rc8+ Kh7 37. c5 Rb2+ 38. Ke3 Rb3+ 39. Kd4 Rb4+ 40.
Kc3 Rxg4 41. d6 Rxg2 42. d7 Rxf2 43. d8=Q Rf3+ 44. Kb4 Rf4+ 45. Kb5 h5 46. Qh8+
Kg6 47. Rc6+ Kg5 48. Qxg7+ Kf5 49. Rf6+ Ke4 50. Rxf4+ Kxf4 51. Qxf7+ Kg4 52. Qd5
h4 53. Qh1 h3 54. c6 Kg3 55. c7 h2 56. c8=Q Kf4 57. Qxh2+ Ke4 58. Qc4+ Kf5 59.
Qh5+ Kf6 60. Qc6+ Kg7 61. Qhg6+ Kf8 62. Qgf6+ Kg8 63. Qe8+ Kh7 64. Qeg6# {Black
checkmated} 1-0

[Event "Team 45 45 League T77"]
[Site "Internet Chess Club"]
[Date "2018.07.13"]
[Round "4"]
[White "perugia"]
[Black "dabodhi"]
[Result "0-1"]
[WhiteElo "1154"]
[BlackElo "1347"]
[Opening "Pirc defense"]
[ECO "B07"]
[Time "16:32:53"]
[TimeControl "2700+45"]

1. e4 d6 2. d4 Nf6 3. Nc3 Nbd7 4. Nf3 c6 5. Bc4 b5 6. Bb3 Qc7 7. a4 b4 8. Ne2
Nxe4 9. Qd3 d5 10. Nd2 Nef6 11. Ng3 g6 12. Nf3 h6 13. Bd2 a5 14. O-O Ba6 15. Qe3
Bxf1 16. Rxf1 Ng4 17. Qe2 e5 18. dxe5 Ngxe5 19. Bf4 Bd6 20. Re1 f6 21. Nf1 O-O-O
22. N1d2 Nxf3+ 23. Qxf3 Bxf4 24. Nf1 Rde8 25. Ne3 Bxe3 26. fxe3 Re5 27. Qg3 g5
28. Qf2 Qb6 29. Qe2 Rhe8 30. Qf3 Rxe3 31. Rxe3 Rxe3 32. Qxe3 Qxe3+ 33. Kf1 Qf4+
34. Kg1 Qc1+ 35. Kf2 Qxb2 36. h3 Qd4+ 37. Kf1 Ne5 38. Ke1 g4 39. hxg4 Nxg4 40.
Ke2 Qe3+ 41. Kd1 Nf2# {White checkmated} 0-1

[Event "Team 45 45 League T77"]
[Site "Internet Chess Club"]
[Date "2018.07.14"]
[Round "4"]
[White "SeniorCitizen"]
[Black "renebonilla1969"]
[Result "1-0"]
[WhiteElo "1316"]
[BlackElo "1132"]
[Opening "Danish gambit"]
[ECO "C21"]
[Time "14:01:11"]
[TimeControl "2700+45"]

1. e4 e5 2. d4 exd4 3. c3 dxc3 4. Bc4 Nc6 5. Nf3 Bc5 6. O-O d6 7. Ng5 Nh6 8.
Nxc3 O-O 9. h3 Ne5 10. Bb3 c6 11. Nf3 Qf6 12. Nxe5 dxe5 13. Ne2 Qg6 14. Qc2 Bxh3
15. Ng3 Bxf2+ 16. Qxf2 Ng4 17. Qf3 Qh5 18. gxh3 Qxh3 19. Qg2 Qxg2+ 20. Kxg2 Rad8
21. Kh3 Nf6 22. Bg5 h6 23. Bxf6 gxf6 24. Rad1 Rxd1 25. Rxd1 Kg7 26. Rd7 {Black
resigns} 1-0